Unix NetHack Version 5.0.0-0 post-release - last build May 31 2026 23:59:36 (970b52f25bf058293b47ddfd14a1e40e571c508c,branch:main).

Game began 2026-06-01 21:28:43, ended 2026-06-02 13:48:59.

IanCurtis, chaotic male elven Wizard

                          -----            -------
                          |...------     --|.msS.|
                          |.`.`.`..|     |.YofCus|
                          |.`......|     |-|.dmu.|--
                          -------[----   |.+f..r.+.|
                           |.`.`.....--  |-|SodS.|.|
                           |.`......`.|  |.+pi:ma|.|
                           |.`....`.`.|  --|oSnR.|p|
                          -----.--------   ------|.|
                          |....@%......|         |e|
                          |.`.`..`...`.|         |.|
                          --------.----|         |.|
                           |.`.`...`.`.|         |.|
                           |...........|         |.|
                          -------.------         |.|
                          |...p...----------------.|
                          |>.....^^^^^^^^^^^^^^^^^.|
                          --------------------------
IanCurtis the Thaumaturge  St:12 Dx:16 Co:15 In:20 Wi:13 Ch:13  Chaotic
Dlvl:2  $:238 HP:0(50) Pw:93(93) AC:6  Xp:8 T:9585  Blind

Latest messages:
 What do you want to wield? [- adBI or ?*] ?
 a - an uncursed athame named Magicbane (weapon in right hand).
 With great effort you move the boulder.
 You see here a food ration.
 You see here a food ration.
 With great effort you move the boulder.
 The yellow light explodes!  You are blinded by a blast of light!
 With great effort you move the boulder.
 With great effort you move the boulder.
 You try to feel what is lying here on the floor.  You feel here an iron skull cap.
 With great effort you move the boulder.
 With great effort you move the boulder.
 You try to feel what is lying here on the floor.  You feel here an iron skull cap.
 With great effort you move the boulder.
 With great effort you move the boulder.
 You try to feel what is lying here on the floor.  You feel here an iron skull cap.
 With great effort you move the boulder.
 You try to feel what is lying here on the floor.  You feel here an iron skull cap.
 You hear a sound reminiscent of a seal barking.
 With great effort you move the boulder.  You hear a sound reminiscent of a seal barking.
 Restoring save file...
 Hello IanCurtis, the elven Wizard, welcome back to NetHack!
 You are lucky!  Full moon tonight.
 You try to feel what is lying here on the floor.
 Touching the cockatrice corpse is a fatal mistake...
 You turn to stone...
 Do you want your possessions identified? [ynq] (y) q

Inventory:
 Coins    ('$')
  $ - 238 gold pieces
 Amulets  ('"')
  v - a cursed amulet of restful sleep
 Weapons  (')')
  a - the rustproof +0 Magicbane (weapon in right hand)
  B - the +0 Sting
  I - a blessed +1 quarterstaff
 Armor    ('[')
  f - an uncursed +0 orcish helm (being worn)
  W - an uncursed +0 pair of high boots (being worn)
  b - an uncursed +0 cloak of magic resistance (being worn)
 Comestibles  ('%')
  M - an uncursed cream pie
  L - 2 uncursed food rations
  E - an uncursed pancake
  h - 2 uncursed tins of spinach
 Scrolls  ('?')
  w - 2 uncursed scrolls of blank paper
  A - a cursed scroll of blank paper
  H - an uncursed scroll of destroy armor
  D - 3 uncursed scrolls of earth
  N - an uncursed scroll of fire
  x - a blessed scroll of identify
  j - 2 uncursed scrolls of identify
  r - an uncursed scroll of light
  i - an uncursed scroll of remove curse
  G - an uncursed scroll of stinking cloud
 Spellbooks  ('+')
  p - an uncursed spellbook of confuse monster
  m - an uncursed spellbook of create monster
  l - a blessed spellbook of force bolt
 Potions  ('!')
  q - an uncursed potion of healing
  J - an uncursed potion of monster detection
  g - an uncursed potion of speed
  C - 2 potions of holy water
 Rings    ('=')
  Y - an uncursed ring of hunger
  F - an uncursed +1 ring of increase accuracy
  e - an uncursed ring of stealth
  t - an uncursed ring of teleport control
  T - an uncursed ring of teleportation
 Wands    ('/')
  O - a wand of lightning (0:5)
  P - a cursed wand of lightning (0:7)
  c - a wand of magic missile (0:0)
  u - a wand of secret door detection (0:13)
  y - a wand of sleep (0:6)
  z - a wand of speed monster (0:8)
  K - a wand of speed monster (0:6)
 Tools    ('(')
  o - an uncursed bugle
  k - an uncursed lock pick
  n - a magic marker (0:22)
  d - a +0 pick-axe
  s - a cursed wax candle

IanCurtis the Wizard's attributes:

Background:
 You were a Thaumaturge, a level 8 male elven Wizard.
 You were chaotic, on a mission for Anhur
 who was opposed by Ptah (lawful) and Thoth (neutral).
 You were right-handed.
 You were in Sokoban, on level 2.
 You entered the dungeon 9585 turns ago.
 There was a full moon in effect when your adventure ended.
 You had 1647 experience points, 913 more were needed to attain level 9.

Basics:
 You had 0 out of 50 hit points.
 You had all 93 energy points (spell power).
 Your armor class was 6.
 Your wallet contained 238 zorkmids.
 Autopickup was off.

Final Characteristics:
 Your strength was 12 (limit:18).
 Your dexterity was 16 (limit:18).
 Your constitution was 15 (limit:16).
 Your intelligence was 20 (limit:20).
 Your wisdom was 13 (limit:20).
 Your charisma was 13 (limit:18).

Final Status:
 You were temporarily blind.
 You weren't hungry.
 You were unencumbered.
 You were wielding a dagger.
 You were unskilled in dagger and could have enhanced that.

Final Attributes:
 You were piously aligned.
 You were magic-protected.
 You were cold resistant.
 You were sleep resistant.
 You were telepathic.
 You had infravision.
 You were warded.
 You were unlucky.
 You are dead.

Miscellaneous:
 You didn't encounter any bones levels.
 Total elapsed playing time was 1 hour, 1 minute and 33 seconds.

Major events:
 Turn
    1: IanCurtis the chaotic male elven Wizard entered the dungeon
  712: chose an elven dagger to be named "Sting"
 1017: attained the rank of Conjurer (level 3)
 4729: attained the rank of Thaumaturge (level 6)
 5055: entered Sokoban
 7206: was bestowed with Magicbane by Anhur
 7865: completed 1st Sokoban level
 8251: completed 2nd Sokoban level
 8696: completed 3rd Sokoban level
 9585: petrified by touching a cockatrice corpse bare-handed

Spells:
 Name                 Level Category     Fail Retention
 force bolt             1   attack         0%   51%-55%
 create monster         2   clerical      48%   51%-75%
 confuse monster        1   enchantment    0%   51%-60%

Skills:
 Fighting Skills
   bare handed combat [Unskilled]
   riding             [Unskilled]
 Weapon Skills
   dagger             [Unskilled]
   knife              [Unskilled]
   axe                [Unskilled]
   short sword        [Unskilled]
   club               [Unskilled]
   mace               [Unskilled]
   quarterstaff       [Skilled]
   polearms           [Unskilled]
   spear              [Unskilled]
   trident            [Unskilled]
   sling              [Unskilled]
   dart               [Unskilled]
   shuriken           [Unskilled]
 Spellcasting Skills
   attack spells      [Skilled]
   healing spells     [Unskilled]
   divination spells  [Unskilled]
   enchantment spells [Basic]
   clerical spells    [Unskilled]
   escape spells      [Unskilled]
   matter spells      [Unskilled]

Voluntary challenges:
 Character rerolling was not enabled.
 You never genocided any monsters.
 You never polymorphed an object.
 You never changed form.
 You used no wishes.
 You violated the special Sokoban rules twice.
Achievements:
 You entered a shop.
 You attained the rank of Conjurer.
 You attained the rank of Thaumaturge.
 You entered Sokoban.

 The Dungeons of Doom: levels 1 to 6
    Level 1: "vault"
    Level 2:
       A weapon shop.
    Level 3:
       A general store, a fountain.
    Level 4:
       A vegetarian food shop, an altar to Anhur.
    Level 5:
       Many fountains.
       Oracle of Delphi.
    Level 6: "vault"
       Stairs up to Sokoban, level 5.
 Sokoban: levels 5 up to 2
    Level 2: <- You were here.
       Unsolved.
       Final resting place for
          you, petrified by touching a cockatrice corpse bare-handed.
    Level 3:
       Solved.
    Level 4:
       Solved.
    Level 5:
       Solved.


Vanquished creatures:
  a giant mimic
  a giant beetle
  a cockatrice
  5 wolves
  a spotted jelly
 an iron piercer
  a gnome ruler
  a yeti
  3 dingoes
  a blue jelly
  a snake
  a fire ant
 an imp
  a water nymph
  7 Uruk-hai
  a rock mole
  a pony
  4 yellow lights
  a shrieker
  a gnome leader
  2 kobold mummies
  a black naga hatchling
  2 gray oozes
  a paper golem
  2 giant ants
  a little dog
  2 floating eyes
  4 dwarves
 11 hill orcs
  2 rabid rats
  a giant bat
  2 monkeys
  a wererat
  2 werejackals
  6 iguanas
  2 killer bees
 an acid blob
  7 coyotes
  2 large kobolds
  3 giant rats
  3 cave spiders
  3 yellow molds
  2 red molds
  a gnome
 10 garter snakes
  2 gnome zombies
  9 geckos
  8 jackals
  a fox
  2 kobolds
  3 goblins
  2 sewer rats
 14 grid bugs
  2 bats
  3 lichens
  2 kobold zombies
 10 newts
167 creatures vanquished.

No species were genocided or became extinct.

Game over:
                       ----------
                      /          \
                     /    REST    \
                    /      IN      \
                   /     PEACE      \
                  /                  \
                  |    IanCurtis     |
                  |      238 Au      |
                  |   petrified by   |
                  |    touching a    |
                  |    cockatrice    |
                  |      corpse      |
                  |       2026       |
                 *|     *  *  *      | *
        _________)/\\_//(\/(/\)/\//\/|_)_______

Goodbye IanCurtis the Wizard...

You turned to stone in Sokoban on dungeon level 2 with 7053 points,
and 238 pieces of gold, after 9585 moves.
You were level 8 with a maximum of 50 hit points when you turned to stone.

